 Dungeon Crawl Stone Soup version 0.30.1-1-g62c8e00024 (webtiles) character file.

Game seed: 17160317406881076964

145 javelincjr the Magician (level 5, 0/39 HPs)
             Began as a Djinni Hedge Wizard on July 17, 2023.
             Slain by an orc
             ... wielding a +0 dagger
              (3 damage)
             ... on level 3 of the Dungeon.
             The game lasted 00:07:55 (2136 turns).

javelincjr the Magician (Djinni Hedge Wizard)       Turns: 2136, Time: 00:07:55

Health: 0/39       AC:  2    Str:  9    XL:     5   Next: 53%
Gold:   144        EV: 13    Int: 18    God:
                   SH:  0    Dex: 18

rFire   + + .        j - +3 dagger (distort)
rCold   . . .        (no shield)
rNeg    . . .        b - +0 robe
rPois   ∞            c - +0 hat
rElec   .            (no cloak)
rCorr   .            (no gloves)
SInv    .            (boots unavailable)
Will    .....        (no amulet)
Stlth   ++           i - ring of protection from cold
HPRegen 0.26/turn    p - +6 ring of dexterity
MPRegen 0.00/turn

%: infuse magic (-1 HP)
@: mighty, flying
A: sickness immunity, fire resistance 2, cold vulnerability 1, float, innate
caster, HP casting, extra vitality 1
a: no special abilities


You were on level 3 of the Dungeon.
You visited 1 branch of the dungeon, and saw 3 of its levels.

You collected 144 gold pieces.

Inventory:

Hand Weapons
 a - a +0 dagger
 j - a +3 dagger of distortion (weapon)
Armour
 b - a +0 robe (worn)
 c - a +0 hat (worn)
Jewellery
 i - a ring of protection from cold (left hand)
 p - a +6 ring of dexterity (right hand)
Scrolls
 d - a scroll of amnesia {unknown}
 e - 4 scrolls of poison {unknown}
 f - a scroll of blinking {unknown}
 h - 4 scrolls of identify {unknown}
 r - 2 scrolls of teleportation {unknown}
Potions
 g - a potion of resistance {unknown}
 k - a potion of heal wounds {unknown}
 m - a potion of brilliance {unknown}
 n - a potion of curing {unknown}
 o - a potion of lignification {unknown}
 q - a potion of berserk rage {unknown}
 s - a potion of attraction {unknown}


   Skills:
 * Level 2.5 Fighting
 + Level 3.1 Dodging
 + Level 2.3 Stealth
 * Level 3.2 Spellcasting


You knew the following spells:

 Your Spells              Type           Power      Damage    Failure   Level
a - Magic Dart            Conj           56%        1d5       4%          1
b - Slow                  Hex            56%        N/A       4%          1
c - Blink                 Tloc           28%        N/A       6%          2
d - Call Imp              Summ           28%        N/A       6%          2
e - Mephitic Cloud        Conj/Pois/Air  14%        N/A       13%         3
f - Beastly Appendage     Tmut           28%        N/A       4%          1
g - Searing Ray           Conj           28%        2d5       6%          2
Your spell library was empty.

Dungeon Overview and Level Annotations

Branches:
Dungeon (3/15)

Altars:
Wu Jian


Innate Abilities, Weirdness & Mutations

You are immune to sickness and miasma.
You are immune to poison.
Your flesh is very heat resistant. (rF++)
You are vulnerable to cold. (rC-)
You float through the air rather than walking.
You learn spells naturally, not from books.
Your magical power is your life essence.
You have superior vitality. (+4 MHP)


Message History

The slug dart hits you. The goblin misses you.
The orc hits you with a +0 dagger.
* * * LOW HITPOINT WARNING * * *
The goblin attacks as you move away! The goblin barely misses you.
Your cerulean imp hits the dart slug but does no damage.
The jackal misses you. The dart slug launches a dart at you.
The slug dart hits you.
* * * LOW HITPOINT WARNING * * *
The goblin attacks as you move away! The goblin barely misses you.
Your cerulean imp barely misses the dart slug.
The jackal attacks as you move away! The jackal closely misses you.
Your cerulean imp hits the dart slug with a -3 spear.
The jackal bites you.
* * * LOW HITPOINT WARNING * * *
Casting: Searing Ray (safe; 6% risk of failure)
Confirm with . or Enter, or press ? or * to list all spells.
You don't know that spell.
Casting: Searing Ray (safe; 6% risk of failure)
Confirm with . or Enter, or press ? or * to list all spells.
You blink.
* * * LOW HITPOINT WARNING * * *
Your cerulean imp hits the dart slug with a -3 spear.
The dart slug misses your cerulean imp.
Your cerulean imp hits the dart slug but does no damage.
The dart slug launches a dart at your cerulean imp.
The slug dart hits your cerulean imp.
Your cerulean imp hits the dart slug with a -3 spear.
The dart slug launches a dart at your cerulean imp.
The slug dart hits your cerulean imp.
Your cerulean imp hits the dart slug with a -3 spear.
The dart slug dies!
You feel stable enough to blink again.
You hit the jackal.
Space warps around the jackal.
You kill the jackal!
The goblin closely misses you.
It was a potion of might.
You feel very mighty all of a sudden. The orc hits you with a +0 dagger.
You die...

#....## #..## ###...# ##..###
#...######...#######
#...#...)..........# #####
##...#........#####.#### .....
#...##........# #....##
....$.###§##........# ####..#
......###.##..g.....#########'##
..........##5.o@....##..........
....).)!......########..........
##..)..†......# #..........
#.....†......# #..........
####..######## #.......... #..
#.......... #.. #.......... ...
#.......... ##.. #..........


You could see an orc (ally target), a goblin and a friendly cerulean imp
(summoned).

Vanquished Creatures
  An orc priest (D:3)
  3 adders
  A worm (D:2)
  3 dart slugs
  2 orcs (D:3)
  2 endoplasms
  2 giant cockroaches (D:1)
  10 goblins
  4 hobgoblins
  2 jackals
  2 quokkas
  5 ball pythons
  6 bats
  2 frilled lizards
  8 kobolds
  5 rats
58 creatures vanquished.

Vanquished Creatures (collateral kills)
  2 dart slugs
  An endoplasm (D:1)
  A giant cockroach (D:2)
  2 goblins (D:2)
  A hobgoblin (D:2)
  3 jackals
  A quokka (D:1)
  A frilled lizard (D:3)
12 creatures vanquished.

Grand Total: 70 creatures vanquished

Notes
Turn   | Place    | Note
-------+----------+-------------------------------------------
     0 | D:1      | javelincjr the Djinni Hedge Wizard began the quest for the
                  | Orb.
     0 | D:1      | javelincjr set off with the following spells memorised:
                  | Magic Dart, Slow, Blink, Call Imp, Mephitic Cloud.
     0 | D:1      | Reached XP level 1. HP: 15/15 MP: 0/0
   200 | D:1      | Reached XP level 2. HP: 20/22 MP: 0/0
   389 | D:1      | Reached skill level 1 in Fighting
   425 | D:1      | HP: 1/22 [quokka (2)]
   621 | D:1      | Reached XP level 3. HP: 27/27 MP: 0/0
   621 | D:1      | Learned a level 1 spell: Beastly Appendage
   893 | D:2      | Reached XP level 4. HP: 19/32 MP: 0/0
  1702 | D:3      | Reached XP level 5. HP: 31/38 MP: 0/0
  1702 | D:3      | Learned a level 2 spell: Searing Ray
  1888 | D:3      | Found an ornate altar of the Wu Jian Council.
  2136 | D:3      | Slain by an orc

Illustrated notes

Levels and vault maps discovered:
D:1:      dpeg_arrival_boxorama, layout_rooms
D:2:      kennysheep_the_goblin_king, layout_loops_ring,
          kennysheep_generic_room_3
D:3:      layout_basic, nzn_wu_jian_council_hall

Skill      XL: |  1  2  3  4  5 |
---------------+----------------+-----
Fighting       | 1 2 |  2.5
Stealth        | 2 |  2.3
Spellcasting   | 3 |  3.2
Dodging        | 3 |  3.1

Action                     |  1- 3 |  4- 6 || total
---------------------------+-------+-------++-------
  Melee: Dagger            |    50 |    70 ||   120
         Headbutt          |     2 |     1 ||     3
   Cast: Magic Dart        |    31 |     4 ||    35
         Call Imp          |     8 |     9 ||    17
         Beastly Appendage |     2 |     1 ||     3
         Slow              |     1 |       ||     1
         Mephitic Cloud    |       |     2 ||     2
         Searing Ray       |       |     2 ||     2
         Blink             |       |     1 ||     1
    Use: Potion            |       |     1 ||     1
   Stab: Sleeping          |       |     2 ||     2
 Armour: Robe              |    14 |    12 ||    26
  Dodge: Dodged            |    33 |    67 ||   100
